 Dungeon Crawl Stone Soup version 0.26.1-11-gd32895ea62 (webtiles) character file.

Game seed: 8514571956872626441

3378 rhet the Zephyrmancer (level 10, -1/53 (58) HPs)
             Began as a Tengu Air Elementalist on June 26, 2021.
             Was a Follower of Dithmenos.
             Slain by a wolf (7 damage)
             ... led by Grum
             ... on level 8 of the Dungeon on June 27, 2021.
             The game lasted 00:37:49 (12320 turns).

rhet the Zephyrmancer (Tengu Air Elementalist)     Turns: 12320, Time: 00:37:50

HP:   -1/53 (58)    AC:  6    Str: 14    XL:     10   Next: 3%
MP:   8/18          EV: 17    Int: 28    God:    Dithmenos [*.....]
Gold: 477           SH:  0    Dex:  9    Spells: 6/18 levels left

rFire    . . .     SeeInvis .   k - +6 dagger of Cyfupruw {drain, rC++ Will++ Dex-2}
rCold    + + .     Faith    .   (no shield)
rNeg     . . .     Spirit   .   a - +1 robe
rPois    +         Reflect  .   (helmet restricted)
rElec    .         Harm     .   n - scarf {repulsion}
rCorr    .         Rampage  .   v - +2 pair of gloves
Will     +++..                  (boots unavailable)
Stlth    +++.......             c - amulet of regeneration
HPRegen  0.57/turn              g - ring of Buurituo {rPois Str+6 Int+8 Dex-3}
MPRegen  0.16/turn              l - ring of willpower

@: about to teleport, flying quickly and evasively, wreathed by umbra, drained,
repel missiles, quick
A: beak, talons 3, able to fly
a: Stop Flying, Renounce Religion


You were on level 8 of the Dungeon.
You worshipped Dithmenos.
Dithmenos was aware of your devotion.
You visited 2 branches of the dungeon, and saw 10 of its levels.
You also visited: Sewer.

You collected 477 gold pieces.

Inventory:

Hand Weapons
 b - a +0 dagger
 f - a +0 whip
 k - the +6 dagger of Cyfupruw (weapon) {drain, rC++ Will++ Dex-2}
   (You found it on level 4 of the Dungeon)

   A truly terrible weapon, it drains the life of those it strikes.
   It affects your dexterity (-2).
   It greatly protects you from cold.
   It affects your willpower, your defense against some magical effects.
Armour
 a - a +1 robe (worn)
 d - a +0 cloak of poison resistance
 n - a scarf of repulsion (worn)
 v - a +2 pair of gloves (worn)
Magical Staves
 p - an uncursed staff of death
Jewellery
 c - an amulet of regeneration (around neck)
 e - an uncursed ring of poison resistance
 g - the ring of Buurituo (left hand) {rPois Str+6 Int+8 Dex-3}
   (You found it on level 6 of the Dungeon)

   [ring of strength]

   It affects your strength (+6).
   It affects your intelligence (+8).
   It affects your dexterity (-3).
   It protects you from poison.
 i - an uncursed ring of protection from cold
 l - a ring of willpower (right hand)
 y - an uncursed amulet of reflection
Wands
 q - a wand of enslavement (9)
 t - a wand of polymorph (12)
 u - a wand of digging (3)
Scrolls
 h - 3 scrolls of teleportation
 j - 3 scrolls of remove curse
 w - 2 scrolls of fog
 x - a scroll of enchant weapon
 B - a scroll of identify
 C - a scroll of enchant armour
Potions
 m - a potion of degeneration {unknown}
 o - a potion of curing
 r - 2 potions of ambrosia {unknown}
 s - 4 potions of heal wounds {unknown}
 z - a potion of haste {unknown}
 A - a potion of cancellation {unknown}
 D - a potion of attraction {unknown}


   Skills:
 + Level 4.5 Fighting
 + Level 4.0 Short Blades
 + Level 5.6 Dodging
 + Level 5.5 Stealth
 - Level 4.1 Unarmed Combat
 + Level 4.7 Spellcasting
 + Level 7.8 Conjurations
 * Level 8.7 Air Magic


You had 6 spell levels left.
You knew the following spells:

 Your Spells              Type           Power        Failure   Level
a - Shock                 Conj/Air       100%         1%          1
b - Swiftness             Air            53%          1%          2
c - Static Discharge      Conj/Air       52%          1%          3
d - Corona                Hex            6%           7%          1
e - Mephitic Cloud        Conj/Pois/Air  37%          2%          3
f - Blink                 Tloc           N/A          11%         2

Your spell library contained the following spells:

 Spells                   Type           Power        Failure   Level
 Magic Dart               Conj           100%         1%          1
 Airstrike                Air            26%          1%          4
 Conjure Flame            Conj/Fire      28%          4%          3
 Dazzling Flash           Conj/Hex       56%          4%          3
 Lightning Bolt           Conj/Air       26%          6%          5
 Animate Skeleton         Necr           12%          7%          1
 Apportation              Tloc           12%          7%          1
 Beastly Appendage        Tmut           12%          7%          1
 Summon Small Mammal      Summ           24%          7%          1
 Call Imp                 Summ           6%           11%         2
 Ensorcelled Hibernation  Hex/Ice        12%          11%         2
 Slow                     Hex            6%           11%         2
 Wereblood                Tmut           6%           11%         2
 Confusing Touch          Hex            6%           21%         3
 Inner Flame              Hex/Fire       6%           21%         3
 Portal Projectile        Hex/Tloc       12%          21%         3
 Spider Form              Tmut/Pois      3%           21%         3
 Tukima's Dance           Hex            6%           21%         3
 Cause Fear               Hex            3%           56%         4
 Ice Form                 Ice/Tmut       6%           56%         4
 Leda's Liquefaction      Hex/Erth       3%           56%         4
 Blade Hands              Tmut           3%           88%         5


Dungeon Overview and Level Annotations

Branches:
Dungeon (9/15)             Temple (1/1) D:7           Sewer (visited)
   Lair: D:8-11         Orc: D:9-12

Altars:
Ashenzari
Cheibriados
Dithmenos
Elyvilon
Fedhas
Gozag
Hepliaklqana
Kikubaaqudgha
Makhleb
Nemelex Xobeh
Okawaru
Qazlal
Ru
Sif Muna
Trog
Uskayaw
Vehumet
Wu Jian
Xom
Yredelemnul
Zin
The Shining One

Shops:
D:4 =   D:5 [

Annotations:
D:9 Grum


Innate Abilities, Weirdness & Mutations

You have a beak for a mouth.
You have claws for feet.
You can fly continuously.


Message History

* * * LOW HITPOINT WARNING * * *
You feel better. The wolf closely misses you. The wolf misses you.
The wolf closely misses you. The wolf bites you but does no damage.
The howler monkey misses you. The wolf completely misses you.
The wolf misses you. The wolf closely misses you. The wolf bites you.
* * * LOW HITPOINT WARNING * * *
The wight hits you with a +0 scimitar.
* * * LOW HITPOINT WARNING * * *
You feel drained.
* * * LOW HITPOINT WARNING * * *
The wight misses you.
Okay, then.
Okay, then.
Okay, then.
Okay, then.
Okay, then.
As you read the scroll of teleportation, it crumbles to dust.
You feel strangely unstable. The wolf barely misses you.
The wolf completely misses you. The wolf bites you!
You die...

#..............).[[.###.....#.##
.....#........##).#............##
...............#).#..##.........#
.........[)...##.##.............#
...........)..######....#.....###
#.........)..##...##...##.....#
)...........#......##..###...##
#......###.z#..zhh..#...#....#
.......# ##.#..h@...+.#.....##
#.....#####z##.zhh..###....##
..........#.##.....##.##...#
.............##...##......##
.......).....######.....###
........#...##...........## ...
##..##.......z<...## ..
#...##............## .
#...##.............#


You could see 4 wolves, a howler monkey and 2 wights.

Vanquished Creatures
  A hornet (D:8)
  Duvessa (D:5)
  A water moccasin (D:5)
  3 orc warriors
  6 ogres
  4 centaurs
  A big kobold (D:8)
  2 bullfrogs
  Dowan (D:5)
  3 scorpions
  7 wights (D:8)
  A howler monkey (D:4)
  3 bullfrog zombies
  2 jellies
  A quasit (D:8)
  2 hounds
  6 orc priests
  Crazy Yiuf (D:3)
  A bullfrog skeleton (D:8)
  7 orc wizards
  An iguana (D:8)
  4 worker ants
  A hound zombie (D:5)
  2 hound skeletons
  3 gnolls
  14 adders
  A shadow imp (D:3)
  2 ufetubi (D:5)
  2 oozes
  3 worms
  3 dart slugs
  7 leopard geckos
  44 orcs
  5 ball pythons
  12 giant cockroaches
  11 hobgoblins
  3 jackals (D:4)
  12 kobolds
  3 quokkas
  8 bats
  9 frilled lizards
  8 goblins
  10 rats
222 creatures vanquished.

Notes
Turn   | Place    | Note
-------+----------+-------------------------------------------
     0 | D:1      | rhet the Tengu Air Elementalist began the quest for the
                  | Orb.
     0 | D:1      | Reached XP level 1. HP: 10/10 MP: 4/4
   218 | D:1      | Reached XP level 2. HP: 9/16 MP: 0/6
   530 | D:1      | Found a broken altar of Ashenzari.
  1373 | D:1      | Reached XP level 3. HP: 17/20 MP: 4/7
  1404 | D:1      | Learned a level 2 spell: Swiftness
  1464 | D:1      | Learned a level 3 spell: Static Discharge
  1759 | D:2      | Reached skill level 1 in Fighting
  1840 | D:2      | Reached XP level 4. HP: 24/25 MP: 6/8
  3203 | D:3      | Gained mutation: You can fly continuously. [Tengu growth]
  3203 | D:3      | Reached XP level 5. HP: 21/29 MP: 2/9
  5049 | D:3      | Learned a level 1 spell: Corona
  5454 | D:3      | Found a runed translucent door.
  5455 | D:3      | Noticed Crazy Yiuf
  5761 | D:4      | Reached XP level 6. HP: 35/35 MP: 3/11
  5918 | D:4      | Found a glowing golden altar of the Shining One.
  6202 | D:4      | Reached skill level 5 in Air Magic
  6252 | D:4      | Found a glowing drain.
  6263 | Sewer    | Entered a sewer
  6473 | Sewer    | Reached XP level 7. HP: 9/40 MP: 5/12
  6693 | D:4      | Got a jewelled dagger
  6694 | D:4      | Identified the +6 dagger of Cyfupruw {drain, rC++ Will++
                  | Dex-2} (You found it on level 4 of the Dungeon)
  6758 | D:4      | Found Nigu's Jewellery Boutique.
  6765 | D:4      | Reached skill level 1 in Unarmed Combat
  6765 | D:4      | Reached skill level 5 in Conjurations
  6908 | D:3      | Killed Crazy Yiuf
  7317 | D:5      | Entered Level 5 of the Dungeon
  7331 | D:5      | Found Boeppu Wuoz's Antique Armour Shoppe.
  7447 | D:5      | Reached skill level 1 in Short Blades
  7800 | D:5      | Reached XP level 8. HP: 45/45 MP: 12/14
  8286 | D:5      | Learned a level 3 spell: Mephitic Cloud
  8289 | D:5      | Learned a level 2 spell: Blink
  8376 | D:5      | Reached skill level 6 in Air Magic
  8544 | D:5      | Found a stormy altar of Qazlal.
  8660 | D:5      | Noticed Duvessa
  8660 | D:5      | Noticed Dowan
  8673 | D:5      | Killed Duvessa
  8676 | D:5      | Killed Dowan
  9555 | D:6      | Reached skill level 7 in Air Magic
  9555 | D:6      | Reached XP level 9. HP: 51/51 MP: 8/16
  9666 | D:6      | Got a translucent gossamer ring
  9766 | D:6      | Identified the ring of Buurituo {rPois Str+6 Int+8 Dex-3}
                  | (You found it on level 6 of the Dungeon)
 10149 | D:7      | Found a staircase to the Ecumenical Temple.
 10192 | Temple   | Entered the Ecumenical Temple
 10378 | Temple   | Became a worshipper of Dithmenos the Shadowed
 10479 | D:7      | Reached skill level 5 in Dodging
 11055 | D:7      | Reached skill level 5 in Stealth
 11656 | D:8      | Reached skill level 8 in Air Magic
 11656 | D:8      | Reached * piety under Dithmenos
 11674 | D:8      | Noticed a hornet
 11802 | D:8      | Killed a hornet
 12100 | D:8      | Reached XP level 10. HP: 54/58 MP: 0/18
 12257 | D:9      | Noticed Grum
 12320 | D:8      | Slain by a wolf

Illustrated notes

Levels and vault maps discovered:
D:1:      amcnicky_arrival_gap_in_the_tavern_cellar, layout_basic,
          palyth_stone_intersect, st_stairs_2, nicolae_ashenzari_panopticon
D:2:      layout_basic
D:3:      wad_river_or_something, layout_loops_corners,
          chequers_serial_rivers_micro_a, uniq_crazy_yiuf_cottage
D:4:      layout_rooms, lemuel_crystal_altar, portal_sewer_entry_f,
          serial_shops, shop
D:5:      layout_rooms, old_standard_altar, serial_shops, shop,
          nrook_mini_backslash, minivault_27, uniq_duvessa
D:6:      layout_loops_ring
D:7:      layout_cave_pools, minmay_temple_entry_junction
D:8:      layout_cave_pools, kennysheep_small_circle
D:9:      layout_rooms, uniq_grum
Temple:   regret_index_temple_chain_breaker

Skill      XL: |  1  2  3  4  5  6  7  8  9 |
---------------+----------------------------+-----
Conjurations   | 2 3 4 5 6 7 |  7.8
Fighting       | 1 2 3 4 |  4.5
Dodging        | 3 4 5 |  5.6
Stealth        | 3 4 5 |  5.5
Air Magic      | 5 7 8 |  8.7
Spellcasting   | 3 4 |  4.7
Unarmed Combat | 2 3 4 |  4.1
Short Blades   | 1 2 4 |  4.0

Action                   |  1- 3 |  4- 6 |  7- 9 | 10-12 || total
-------------------------+-------+-------+-------+-------++-------
Melee: Dagger            |    30 |     9 |   163 |     1 ||   203
       Kick              |     9 |    11 |    33 |       ||    53
       Peck              |     1 |     6 |    19 |       ||    26
       Whip              |       |    42 |       |       ||    42
       Punch             |       |       |     2 |       ||     2
 Cast: Shock             |    48 |   164 |   103 |       ||   315
       Swiftness         |       |     2 |     5 |       ||     7
       Static Discharge  |       |     1 |    28 |     4 ||    33
       Corona            |       |       |     1 |       ||     1
       Mephitic Cloud    |       |       |    18 |       ||    18
 Abil: Fly               |       |     1 |       |       ||     1
  Use: Scroll            |     1 |     9 |     5 |     1 ||    16
       Potion            |       |     5 |       |     3 ||     8
 Stab: Sleeping          |     1 |     2 |     4 |       ||     7
       Confused          |       |       |     4 |       ||     4
Armor: Robe              |     5 |    20 |    30 |     5 ||    60
       Skin              |       |     7 |       |       ||     7
Dodge: Dodged            |    27 |   107 |   190 |    42 ||   366
       Repelled          |       |       |     1 |       ||     1
